 Dungeon Crawl Stone Soup version 0.18-a0-79-gb542d04 (webtiles) character file.

99731 Duffy the Unseen (level 16, -8/152 HPs)
             Began as a Naga Fire Elementalist on Nov 12, 2015.
             Was a High Priest of Cheibriados.
             Mangled by an iron troll (16 damage)
             ... on level 13 of the Dungeon.
             The game lasted 01:05:25 (35543 turns).

Duffy the Unseen (Naga Fire Elementalist)          Turns: 35543, Time: 01:05:25

Health: -8/152     AC: 16    Str: 26    XL:     16   Next: 25%
Magic:  4/28       EV: 20    Int: 29    God:    Cheibriados [*****.]
Gold:   1950       SH:  7    Dex: 29    Spells: 6 memorised, 14 levels left

rFire  + + .     SeeInvis +     a - +4 scimitar (flame)
rCold  . . .     Clarity  .     U - +0 scale mail {rF+}
rNeg   + + .     SustAt   .     L - +0 buckler
rPois  +         Gourm    .     z - +0 helmet
rElec  .         Spirit   .     s - +0 cloak
rCorr  .         Warding  +     E - +2 pair of gloves
rMut   .         Stasis   .     (no barding)
MR     ++...                    d - amulet of warding
Stlth  +++++++++.               k - ring of positive energy
                                i - ring of Cowardice {rF+ Stlth+}

@: very slow, very resistant to hostile enchantments, incredibly stealthy
A: see invisible, deformed body, poison resistance, slowness 2, slow metabolism
1, spit poison 2, constrict 1, AC +5
a: Spit Poison, Bend Time, Temporal Distortion, Slouch, Step From Time, Renounce
Religion


You were on level 13 of the Dungeon.
You worshipped Cheibriados.
Cheibriados was extremely pleased with you.
You were very hungry.

You visited 3 branches of the dungeon, and saw 22 of its levels.
You also visited: Ice Cave.

You collected 1950 gold pieces.


Innate Abilities, Weirdness & Mutations

You cannot wear boots.
Your serpentine skin is tough (AC +5).
You have supernaturally acute eyesight.
Armour fits poorly on your strangely shaped body.
Your system is resistant to poisons.
You cover ground very slowly.
You have a slow metabolism.
You can spit poison.
You can use your snake-like lower body to constrict enemies.


   Skills:
 - Level 12.0 Fighting
 - Level 8.0 Long Blades
 - Level 7.0 Armour
 - Level 11.2 Dodging
 - Level 19.0 Stealth
 - Level 2.8 Shields
 - Level 8.0 Spellcasting
 - Level 8.1 Conjurations
 + Level 2.5 Charms
 + Level 2.3 Necromancy
 - Level 8.0 Fire Magic
 - Level 10.0 Invocations


You had 14 spell levels left.
You knew the following spells:

 Your Spells              Type           Power        Failure   Level  Hunger
a - Flame Tongue          Conj/Fire      #####        1%          1    None
c - Conjure Flame         Conj/Fire      ######..     1%          3    None
e - Apportation           Tloc           ##........   12%         1    None
f - Fireball              Conj/Fire      ######....   12%         5    ####...
r - Regeneration          Chrm/Necr      ####......   14%         3    None
s - Sticky Flame          Conj/Fire      ######..     3%          4    #......

Inventory:

Hand Weapons
 a - a +4 scimitar of flaming (weapon)
Missiles
 h - 438 stones (quivered)
 o - 83 poisoned needles
 W - a throwing net
Armour
 s - a +0 cloak (worn)
 z - a +0 helmet (worn)
 E - a +2 pair of gloves (worn)
 L - a +0 buckler (worn)
 U - a +0 scale mail of fire resistance (worn)
Magical Staves
 b - an uncursed staff of energy
Jewellery
 d - an amulet of warding (around neck)
 e - an uncursed ring of sustain attributes
 i - the ring of Cowardice (left hand) {rF+ Stlth+}

   [ring of stealth]

   It protects you from fire.
   It makes you more stealthy.
 k - a ring of positive energy (right hand)
 Q - an uncursed ring of teleportation
 V - an uncursed ring of protection from cold
Wands
 j - a wand of digging (12)
 t - a wand of fire (9)
 u - a wand of enslavement (6)
 N - a wand of lightning (5)
 R - a wand of fire (11)
 S - a wand of heal wounds (4)
Scrolls
 f - 3 scrolls of blinking
 l - 4 scrolls of vulnerability
 m - 5 scrolls of enchant weapon
 p - 4 scrolls of teleportation
 q - 6 scrolls of remove curse
 y - 2 scrolls of enchant armour
 A - 2 scrolls of summoning
 B - 2 scrolls of magic mapping
 G - 2 scrolls of fear
 M - a scroll of fog
 X - a scroll of recharging
Potions
 n - 4 potions of curing
 r - 2 potions of magic
 v - a potion of invisibility
 x - a potion of cure mutation
 F - a potion of ambrosia
 I - 5 potions of brilliance
 J - 2 potions of flight
 K - 2 potions of cancellation
 O - 2 potions of heal wounds
 P - 2 potions of might
 Z - 2 potions of resistance
Comestibles
 c - 8 bread rations
 g - 8 meat rations
 C - a royal jelly
 D - 10 slices of pizza
 H - 14 fruits
 T - a beef jerky

Dungeon Overview and Level Annotations

Branches:
Dungeon (13/15)            Temple (1/1) D:5            Lair (8/8) D:10
 Shoals (0/4) Lair:3        Snake (0/4) Lair:6        Slime (0/6) Lair:8
    Orc (0/4) D:10
 Vaults: D:13-14

Altars:
Ashenzari
Cheibriados
Dithmenos
Elyvilon
Fedhas
Gozag
Kikubaaqudgha
Makhleb
Nemelex Xobeh
Okawaru
Qazlal
Ru
Sif Muna
Trog
Vehumet
Xom
Yredelemnul
Zin
The Shining One

Annotations:
D:5 Duffy's ghost, amateur NaFE


Message History

The iron troll is lightly wounded.
The iron troll bites you. The iron troll closely misses you.
You block the iron troll's attack. The worker ant closely misses you.
You can feel time thicken for a moment.
You kill the worker ant!
Cheibriados appreciates the change of pace.
You feel somewhat more hungry. You block the iron troll's attack.
You block the iron troll's attack. The iron troll claws you!
You can feel time thicken for a moment.
You feel somewhat more hungry.
A phantasmal warrior comes into view.
You can feel time thicken for a moment.
You are feeling very hungry.
The iron troll bites you but does no damage.
The iron troll claws you. You block the iron troll's attack.
You can feel time thicken for a moment.
You destroy the phantasmal warrior!
Cheibriados appreciates the change of pace.
You feel somewhat more hungry.
Cheibriados reduces the support of your attributes as your movement quickens.
The iron troll closely misses you. You block the iron troll's attack.
The iron troll closely misses you.
You hit the iron troll but do no damage.
The iron troll is severely wounded.
The iron troll bites you!
The iron troll claws you but does no damage.
The iron troll claws you.
You hit the iron troll but do no damage.
The iron troll is severely wounded.
You hit the iron troll but do no damage.
The iron troll is severely wounded.
The iron troll bites you! The iron troll claws you! The iron troll claws you.
You can feel time thicken for a moment.
You feel somewhat more hungry.
Cheibriados reduces the support of your attributes as your movement quickens.
The iron troll bites you!
You die...

#... .# ###.# #.##
....#####..
##.....#..########..#
##.##.#............#
#.##)#.##...#####
##...............#.#
#.......#######..#.#
##.##.##.# #@.#.#
##.##.##.# #T†#.#
##.##....# #..#.#
##.####..# ...#.#
##.......##########.#
#######.).((........#
....# #.###########.#
###.###.# #..#
.....##.# #.##


You could see an iron troll.

Action                   |  1- 3 |  4- 6 |  7- 9 | 10-12 | 13-15 | 16-18 || total
-------------------------+-------+-------+-------+-------+-------+-------++-------
Melee: Rapier            |       |       |    84 |   224 |       |       ||   308
       Scimitar          |       |       |       |   341 |  1144 |   141 ||  1626
Throw: Stone             |       |       |     1 |    13 |    44 |     7 ||    65
 Cast: Flame Tongue      |    31 |    90 |   205 |   228 |    20 |       ||   574
       Conjure Flame     |     1 |       |    11 |    48 |    38 |     1 ||    99
       Sticky Flame      |       |       |     4 |    31 |    12 |       ||    47
       Fireball          |       |       |       |     3 |     4 |       ||     7
       Apportation       |       |       |       |       |     5 |       ||     5
Invok: Slouch            |       |       |       |     1 |     6 |     6 ||    13
 Abil: Spit Poison       |    29 |    43 |    46 |    22 |     1 |       ||   141
  Use: Scroll            |       |     6 |     5 |     8 |    16 |       ||    35
       Potion            |       |       |       |     2 |     2 |       ||     4
 Stab: Sleeping          |       |       |     8 |     5 |    20 |     3 ||    36
       Distracted        |       |       |       |     2 |     4 |     5 ||    11
       Invisible         |       |       |       |       |     8 |       ||     8
  Eat: Chunk             |     2 |     8 |    20 |    27 |    33 |     2 ||    92
       Pizza             |       |       |       |     4 |       |       ||     4
       Beef jerky        |       |       |       |     2 |       |       ||     2

Notes
Turn   | Place    | Note
--------------------------------------------------------------
     0 | D:1      | Duffy the Naga Fire Elementalist began the quest for the Orb.
     0 | D:1      | Reached XP level 1. HP: 15/15 MP: 3/3
   286 | D:1      | Reached XP level 2. HP: 20/22 MP: 5/5
   578 | D:2      | Reached skill level 2 in Conjurations
   594 | D:2      | Reached XP level 3. HP: 28/28 MP: 6/6
   599 | D:2      | Learned a level 3 spell: Conjure Flame
  1039 | D:1      | Reached skill level 3 in Spellcasting
  1305 | D:1      | Reached XP level 4. HP: 36/36 MP: 8/8
  1522 | D:1      | Learned a level 4 spell: Sticky Flame
  1615 | D:2      | Reached skill level 3 in Conjurations
  1673 | D:2      | Found a faded altar to an unknown god.
  1948 | D:2      | Noticed Robin
  2592 | D:4      | Reached XP level 5. HP: 42/42 MP: 9/9
  2666 | D:4      | Noticed an ogre
  2676 | D:4      | Killed an ogre
  2676 | D:4      | Reached skill level 4 in Conjurations
  2676 | D:4      | Reached skill level 4 in Fire Magic
  2785 | D:4      | Reached XP level 6. HP: 35/49 MP: 3/10
  3031 | D:3      | Found an opulent altar of Gozag.
  3482 | D:4      | Reached skill level 5 in Conjurations
  3482 | D:4      | Reached skill level 5 in Fire Magic
  3482 | D:4      | Reached XP level 7. HP: 55/55 MP: 8/11
  3595 | D:3      | Killed Robin
  3720 | D:3      | Found a bloodstained altar of Trog.
  4020 | D:5      | Entered Level 5 of the Dungeon
  4200 | D:5      | Found a basalt altar of Yredelemnul.
  4402 | D:5      | Noticed Duffy's ghost (amateur NaFE)
  4410 | D:5      | Found a glowing golden altar of the Shining One.
  4905 | D:5      | Found a sacrificial altar of Ru.
  5150 | D:5      | Found a staircase to the Ecumenical Temple.
  5159 | Temple   | Entered the Ecumenical Temple
  5364 | D:5      | Reached skill level 6 in Conjurations
  5364 | D:5      | Reached skill level 6 in Fire Magic
  5691 | D:6      | Noticed Eustachio
  5821 | D:6      | Reached XP level 8. HP: 34/62 MP: 2/12
  6062 | D:6      | Killed Eustachio
  6191 | D:6      | Reached skill level 7 in Conjurations
  6191 | D:6      | Reached skill level 7 in Fire Magic
  6906 | D:6      | Noticed Dowan
  6922 | D:6      | Reached skill level 8 in Conjurations
  6922 | D:6      | Reached skill level 8 in Fire Magic
  6922 | D:6      | Reached XP level 9. HP: 68/68 MP: 5/13
  7112 | D:7      | Reached skill level 1 in Fighting
  7112 | D:7      | Reached skill level 2 in Dodging
  7313 | D:7      | Reached skill level 2 in Fighting
  7534 | D:7      | Found a glowing golden altar of the Shining One.
  7774 | D:6      | Noticed Pikel
  7790 | D:6      | Killed Pikel
  7790 | D:6      | Reached skill level 4 in Fighting
  7790 | D:6      | Reached skill level 3 in Dodging
  8138 | D:7      | Reached skill level 4 in Dodging
  8714 | D:7      | Reached skill level 5 in Fighting
  9135 | D:6      | Reached XP level 10. HP: 88/88 MP: 14/14
  9142 | D:6      | Reached skill level 5 in Dodging
  9269 | D:6      | Killed Dowan
  9344 | D:6      | Noticed Duvessa
  9351 | D:6      | Killed Duvessa
  9351 | D:6      | Reached skill level 6 in Fighting
 10270 | D:8      | Found a shimmering altar of Xom.
 10344 | D:8      | Reached skill level 6 in Dodging
 10447 | D:8      | Reached skill level 7 in Fighting
 11982 | D:8      | Reached skill level 8 in Fighting
 11982 | D:8      | Reached skill level 7 in Dodging
 12525 | D:9      | Found a shimmering altar of Xom.
 12544 | D:9      | Found a shadowy altar of Dithmenos.
 12788 | D:9      | Found a glowing silver altar of Zin.
 12875 | D:9      | Found a snail-covered altar of Cheibriados.
 12897 | D:9      | Became a worshipper of Cheibriados the Contemplative
 13053 | D:9      | Learned a level 5 spell: Fireball
 13180 | D:10     | Entered Level 10 of the Dungeon
 13180 | D:10     | Found a staircase to the Lair.
 13192 | D:10     | Noticed a hill giant
 13194 | D:10     | Reached XP level 11. HP: 55/104 MP: 15/15
 13200 | D:10     | Killed a hill giant
 13583 | D:10     | Noticed a hill giant
 13628 | D:10     | Killed a hill giant
 13628 | D:10     | Reached skill level 9 in Fighting
 13742 | D:10     | Identified the Papyrus of Aerial Arcane Weapons (You found it on level 10 of the Dungeon)
 13748 | D:10     | Reached skill level 8 in Dodging
 13835 | D:10     | Reached * piety under Cheibriados
 13876 | D:10     | Found a staircase to the Orcish Mines.
 14550 | D:10     | Reached skill level 4 in Stealth
 14709 | D:11     | Reached skill level 5 in Stealth
 14929 | D:11     | Noticed Erica
 14942 | D:11     | Killed Erica
 14942 | D:11     | Reached skill level 2 in Long Blades
 15037 | D:11     | Reached skill level 6 in Stealth
 15141 | D:11     | Noticed an unseen horror
 15148 | D:11     | Reached ** piety under Cheibriados
 15148 | D:11     | Reached skill level 3 in Long Blades
 15578 | D:11     | Reached skill level 4 in Long Blades
 15786 | D:11     | Noticed a hill giant
 15797 | D:11     | Killed a hill giant
 15797 | D:11     | Reached skill level 5 in Long Blades
 15902 | D:11     | Killed an unseen horror
 16027 | D:11     | Reached skill level 6 in Long Blades
 16167 | D:11     | Reached *** piety under Cheibriados
 16333 | D:10     | Reached XP level 12. HP: 111/115 MP: 10/16
 16567 | D:10     | Reached skill level 7 in Long Blades
 16789 | D:10     | Reached skill level 8 in Long Blades
 16791 | D:10     | Reached **** piety under Cheibriados
 16964 | D:10     | Reached skill level 1 in Invocations
 16973 | D:10     | Reached skill level 2 in Invocations
 17178 | Lair:1   | Entered Level 1 of the Lair of Beasts
 17297 | Lair:1   | Reached skill level 3 in Invocations
 17485 | Lair:1   | Reached skill level 4 in Invocations
 17705 | Lair:1   | Reached skill level 5 in Invocations
 17767 | Lair:1   | Reached ***** piety under Cheibriados
 17968 | Lair:1   | Reached skill level 6 in Invocations
 18661 | Lair:2   | Found a frozen archway.
 18671 | IceCv    | Entered an ice cave
 18681 | IceCv    | Reached skill level 7 in Invocations
 19068 | IceCv    | Reached skill level 8 in Invocations
 19454 | IceCv    | Noticed an ice dragon
 19456 | IceCv    | Noticed an ice dragon
 19472 | IceCv    | Killed an ice dragon
 19472 | IceCv    | Reached skill level 9 in Invocations
 19842 | IceCv    | Killed an ice dragon
 20049 | IceCv    | Got a sparkling steel ring
 20210 | IceCv    | Identified the ring of Cowardice {rF+ Stlth+} (You found it in an ice cave)
 20261 | Lair:2   | Reached skill level 10 in Invocations
 20261 | Lair:2   | Gained mutation: You can use your snake-like lower body to constrict enemies. [Naga growth]
 20261 | Lair:2   | Reached XP level 13. HP: 57/121 MP: 20/20
 20494 | Lair:2   | Reached skill level 1 in Armour
 20515 | Lair:2   | Noticed Nergalle
 20542 | Lair:2   | Killed Nergalle
 20891 | Lair:2   | Reached skill level 2 in Armour
 21290 | Lair:2   | Reached skill level 10 in Fighting
 21791 | Lair:2   | Reached ****** piety under Cheibriados
 21791 | Lair:2   | Reached skill level 3 in Armour
 22109 | Lair:3   | Reached skill level 9 in Dodging
 22707 | Lair:3   | Reached skill level 1 in Shields
 22852 | Lair:3   | Found a staircase to the Shoals.
 22854 | Lair:3   | Noticed Prince Ribbit
 22855 | Lair:3   | Reached skill level 2 in Shields
 22855 | Lair:3   | Killed Prince Ribbit
 22978 | Lair:3   | Reached skill level 4 in Armour
 23754 | Lair:3   | Reached skill level 5 in Armour
 24078 | Lair:4   | Reached XP level 14. HP: 120/132 MP: 21/21
 24611 | Lair:5   | Reached skill level 10 in Dodging
 24613 | Lair:5   | Reached skill level 6 in Armour
 25586 | Lair:6   | Found a staircase to the Snake Pit.
 26454 | Lair:6   | Reached skill level 7 in Armour
 26871 | Lair:7   | Learned a level 1 spell: Apportation
 26885 | Lair:7   | Reached skill level 11 in Dodging
 27371 | Lair:6   | Reached skill level 7 in Stealth
 27468 | Lair:7   | Reached skill level 8 in Stealth
 27556 | Lair:7   | Reached skill level 9 in Stealth
 27865 | Lair:7   | Reached skill level 10 in Stealth
 27966 | Lair:7   | Reached skill level 11 in Stealth
 28026 | Lair:7   | Reached skill level 12 in Stealth
 28490 | Lair:7   | Reached skill level 13 in Stealth
 28725 | Lair:7   | Reached skill level 14 in Stealth
 28882 | Lair:8   | Entered Level 8 of the Lair of Beasts
 28918 | Lair:8   | Reached skill level 15 in Stealth
 28963 | Lair:8   | Reached XP level 15. HP: 87/138 MP: 22/22
 28975 | Lair:8   | Reached skill level 16 in Stealth
 29223 | Lair:8   | Reached skill level 17 in Stealth
 29332 | Lair:8   | Found a staircase to the Slime Pits.
 29501 | Lair:8   | Reached skill level 18 in Stealth
 29803 | Lair:8   | Reached skill level 19 in Stealth
 30273 | Lair:8   | Reached skill level 4 in Spellcasting
 30324 | Lair:8   | Learned a level 3 spell: Regeneration
 31041 | Lair:7   | Reached skill level 5 in Spellcasting
 31402 | Lair:8   | Reached skill level 6 in Spellcasting
 31886 | Lair:8   | Reached skill level 7 in Spellcasting
 33063 | D:12     | Reached skill level 8 in Spellcasting
 33219 | D:12     | Found a shattered altar of Ashenzari.
 33785 | D:12     | Reached skill level 11 in Fighting
 34325 | D:13     | Reached XP level 16. HP: 130/150 MP: 24/28
 34550 | D:13     | Noticed Urug
 34558 | D:13     | Killed Urug
 34887 | D:13     | Reached skill level 12 in Fighting
 34927 | D:13     | Reached skill level 1 in Charms
 35181 | D:13     | Reached skill level 1 in Necromancy
 35386 | D:13     | Reached skill level 2 in Charms
 35416 | D:13     | Reached skill level 2 in Necromancy
 35543 | D:13     | Mangled by an iron troll

Vault maps used:
D:1:      saegor_arrival_fortress
D:2:      ecumenical_altar_1, uniq_robin
D:3:      nicolae_overflow_hidden_temple, trog_three_pillars_becter
D:4:      first_bread, gup_sewer_entry_bubbles
D:5:      nicolae_ru_awakened_eye, marbit_many_paths, lemuel_crystal_altar,
          minmay_temple_entry_poolview
D:6:      forest_paths, uniq_eustachio, uniq_duvessa, uniq_pikel
D:7:      serial_bayou, serial_bayou_lagoon_a, serial_bayou_pond_c,
          serial_bayou_lake_a, serial_bayou_shore_b, tso_altar
D:8:      basic_altar, grunt_pizzeria
D:9:      zin_treasury, kennysheep_mini_moat, slow_altar_2,
          nicolae_dithmenos_shadow_blocks
D:10:     minmay_lair_entry_lava, minmay_orc_entry_guard_dogs
D:11:     uniq_erica
D:12:     basic_altar, minmay_misc_feat_chi
D:13:     david_vaults_4, uniq_snorg, uniq_urug
Temple:   circular_temple_12
Lair:1:   grunt_forest_small_clearings, hibernation_bobbens,
          serial_bayou_shore_a, lemuel_fruit_tree, infiniplex_staircase_pool_2
Lair:2:   enter_volcano_1, portal_ice_cave_entry_pillars_02, minivault_27,
          uniq_nergalle
Lair:3:   minmay_shoals_entry_centaurs, uniq_prince_ribbit2
Lair:5:   st_stairs_12
Lair:6:   minmay_snake_entry_guardpost_small, grunt_forest_stairs_clearing
Lair:8:   due_jungle_book, nicolae_slime_entry_slimehenge, grunt_megastairs_4
IceCv:    ice_cave_small_dragons

Vanquished Creatures
  An azure jelly (shapeshifter)
  6 dire elephants
  2 ice dragons
  8 hydras Erica
  An anaconda
  A tengu warrior
  A centaur warrior
  6 death yaks Urug Nergalle
  2 unseen horrors
  3 skeletal warriors Pikel
  A phantasmal warrior
  4 hill giants
  2 ugly things
  2 cyclopes
  An oklob plant
  2 griffons
  25 elephants
  A centaur zombie
  11 black mambas
  2 ice statues
  15 spiny frogs
  2 torpor snails
  2 gargoyles
  A fire drake
  2 kobold demonologists
  2 polar bears
  3 trolls
  8 komodo dragons Prince Ribbit
  8 slime creatures
  29 blink frogs
  2 deep elf magi
  2 spriggans
  104 yaks
  9 hippogriffs
  A shadow
  A hungry ghost Eustachio
  2 wyverns
  25 wolves
  3 nagas
  4 vampire mosquitoes
  3 basilisks
  6 orc warriors
  4 wargs
  A slave Duvessa
  13 porcupines
  A soldier ant
  18 water moccasins
  19 ice beasts
  A phantom
  12 ogres
  13 centaurs
  7 sky beasts
  2 black bears
  An eye of draining
  A necrophage
  3 big kobolds
  A wasp
  24 crocodiles
  23 giant frogs
  6 scorpions
  A wyvern skeleton Dowan
  11 killer bees
  18 wights
  11 jellies
  4 crimson imps
  5 electric eels
  A gnoll shaman
  2 giant frog skeletons
  10 hounds
  8 iguanas
  7 orc wizards
  3 centaur skeletons
  7 orc priests
  13 worker ants
  35 sheep
  A hound zombie
  A mummy
  4 worker ant zombies Robin
  8 gnolls
  42 river rats
  18 adders
  7 shadow imps
  3 oozes
  An adder skeleton
  4 adder zombies
  8 worms
  8 giant geckos
  60 orcs
  4 bats
  15 goblins
  11 hobgoblins
  14 jackals
  10 quokkas
  7 giant cockroaches
  A giant gecko skeleton
  A giant gecko zombie
  7 giant newts
  A jackal zombie
  23 kobolds
  A quokka skeleton
  2 quokka zombies
  10 rats
  2 bushes
  61 fungi
  52 plants
998 creatures vanquished.
